cohdb
Replays
Latest Replays
All Replays
Popular Replays
Top Player Replays
Match Explorer
How It Works
Community
CoH3 Stats
Reddit
Sign in to upload your games and track your stats! →
Sign in with Steam
Match 37416101
Unlisted
Match 37416101
Overview
Messages
Build Orders
End
Kradschützen Motorcycle Team
Selects Battlefield Espionage Battlegroup
Panzergrenadier Squad
Panzergrenadier Squad
Panzergrenadier Squad
Construct Light Support Kompanie
Selects Intel Disruption Beacon
Fire Support Elements
2.5-tonne Medical Truck
Panzerjäger Mechanized Group
Selects Plunder
Construct Panzerarmee Kommand
Selects Disruption Operation
Panzer III L Medium Tank
Disruption Operation
Panzergrenadier Squad
Selects 250/3 Funkpanzerwagen
Selects Anti-Tank Incendiary Munitions
Panzer III L Medium Tank
T0MMY
Pioneer Combine
France
Smiley
TidaL
Aloof_Cardinal
Free Hongkong Free Tibet
Sandevistan
0
0
Comments
sign in to comment!
No comments posted yet!